 Dungeon Crawl Stone Soup version 0.28-a0-224-g76b539d98b (webtiles) character file.

Game seed: 4746294305451810638

1166 timneilson the Shield-Bearer (level 8, -1/49 HPs)
             Began as a Gargoyle Fighter on Aug 21, 2021.
             Was a Follower of Okawaru.
             Killed from afar by Maggie (25 damage)
             ... with a bolt of fire
             ... on level 6 of the Dungeon.
             The game lasted 00:08:02 (6130 turns).

timneilson the Shield-Bearer (Gargoyle Fighter)     Turns: 6130, Time: 00:08:03

Health: -1/49      AC: 17    Str: 19 (22) XL:     8   Next: 40%
Magic:  9/9        EV:  6    Int:  7 (9)  God:    Okawaru [*.....]
Gold:   222        SH:  8    Dex:  6 (9)  Spells: 7/7 levels left

rFire   . . .      SeeInvis .   a - +0 long sword
rCold   + . .      Faith    .   c - +0 kite shield
rNeg    + . .      Spirit   .   g - +0 chain mail
rPois   ∞          Reflect  .   m - +0 helmet
rElec   +          Harm     .   (no cloak)
rCorr   .          Rampage  .   (no gloves)
Will    .....                   (no boots)
Stlth   ..........              p - amulet of the acrobat
HPRegen 0.16/turn               l - ring of protection from cold
MPRegen 0.11/turn               (no ring)

@: attractive, mesmerised, invisible
A: sickness immunity, AC +5, negative energy resistance 1, electricity
resistance, torment resistance 1, petrification resistance
a: Renounce Religion, Heroism


You were on level 6 of the Dungeon.
You worshipped Okawaru.
Okawaru was aware of your devotion.
You visited 2 branches of the dungeon, and saw 7 of its levels.

You collected 222 gold pieces.

Inventory:

Hand Weapons
 a - a +0 long sword (weapon)
Armour
 c - a +0 kite shield (worn)
 g - a +0 chain mail (worn)
 m - a +0 helmet (worn)
Jewellery
 d - a ring of flight
 l - a ring of protection from cold (left hand)
 p - an amulet of the acrobat (around neck)
Scrolls
 e - 4 scrolls of teleportation
Potions
 b - 2 potions of degeneration
 f - a potion of lignification
 j - a potion of curing
 o - a potion of berserk rage {unknown}


   Skills:
 + Level 5.0 Fighting
 * Level 4.9 Long Blades
 * Level 6.4 Armour
 * Level 6.5 Shields
 + Level 2.0 Invocations


You had 7 spell levels left.
You didn't know any spells.
Your spell library contained the following spells:

 Spells                   Type           Power      Damage    Failure   Level
 Magic Dart               Conj           0%         1d3       100%        1
 Passwall                 Tmut/Erth      0%         N/A       100%        2
 Mephitic Cloud           Conj/Pois/Air  0%         N/A       100%        3
 Swiftness                Air            0%         N/A       100%        3
 Invisibility             Hex            0%         N/A       100%        6
 Call Imp                 Summ           Unusable   N/A       N/A         2

Dungeon Overview and Level Annotations

Branches:
Dungeon (6/15)             Temple (1/1) D:4

Altars:
Ashenzari
Cheibriados
Elyvilon
Fedhas
Gozag
Hepliaklqana
Kikubaaqudgha
Makhleb
Okawaru
Qazlal
Ru
Sif Muna
Trog
Uskayaw
Vehumet
Wu Jian
Yredelemnul
Zin
The Shining One

Annotations:
D:6 Maggie


Innate Abilities, Weirdness & Mutations

You are immune to sickness and miasma.
Your stone body is resilient. (AC +5)
You are immune to poison.
You resist negative energy. (rN+)
You are resistant to electric shocks. (rElec)
You are resistant to unholy torment.
You are immune to petrification.


Message History

You slash Maggie!
Maggie is lightly wounded.
Maggie barely misses you. Maggie hits you but does no damage.
You hit Maggie.
Maggie is lightly wounded.
Maggie points at you and mumbles some strange words.
The bolt of fire hits you!
You closely miss Maggie.
Maggie is lightly wounded.
Maggie gestures at you while chanting. The bolt of fire hits you!!
Ouch! That really hurt!
You barely miss Maggie.
Maggie is lightly wounded.
Maggie gestures wildly while chanting.
Maggie attempts to bespell you!
You are mesmerised by Maggie!
You block Maggie's attack.
Your shield prevents you from hitting Maggie.
Maggie is lightly wounded.
Maggie hits you with a +2 halberd of flaming!
* * * LOW HITPOINT WARNING * * *
Maggie burns you.
* * * LOW HITPOINT WARNING * * *
Unknown command.
It was a potion of degeneration.
There was something very wrong with that liquid.
You feel weakened.
You feel dopey.
You feel clumsy. You block Maggie's attack.
It was a potion of attraction.
You feel attractive to monsters. Maggie barely misses you.
It was a potion of heal wounds.
You feel much better. Maggie closely misses you.
It was a potion of invisibility.
You fade into invisibility!
Maggie gestures at you while chanting. The bolt of fire hits you!!
Ouch! That really hurt!
You die...

###### .....##
......###############
<.....#.............###
#####.#.########@.....#
......#.# #@.....#
#.......# #......#
.....#### #......#
####.# #....$.# #.#
#......# #.# #......#
#.# #......# ..+


You could see Maggie (mesmerising).

Vanquished Creatures
  A water moccasin (D:4)
  2 sky beasts
  2 ogres (D:5)
  A necrophage (D:4)
  A phantom (D:5)
  A water moccasin zombie (D:5)
  A water moccasin skeleton (D:5)
  A centaur zombie (D:5)
  2 jellies
  2 hounds
  A bullfrog skeleton (D:5)
  An iguana (D:5)
  3 gnolls (D:5)
  10 adders
  A shadow imp (D:5)
  A worm (D:3)
  3 dart slugs
  9 orcs
  6 bats
  9 endoplasms
  6 giant cockroaches
  5 goblins
  7 hobgoblins
  10 jackals
  4 kobolds
  7 quokkas
  4 ball pythons
  2 frilled lizards (D:3)
  5 rats
108 creatures vanquished.

Vanquished Creatures (others)
  2 plants (D:3)
2 creatures vanquished.

Grand Total: 110 creatures vanquished

Notes
Turn   | Place    | Note
-------+----------+-------------------------------------------
     0 | D:1      | timneilson the Gargoyle Fighter began the quest for the
                  | Orb.
     0 | D:1      | Reached XP level 1. HP: 14/14 MP: 1/1
   209 | D:1      | Reached XP level 2. HP: 18/19 MP: 2/2
   880 | D:2      | Reached XP level 3. HP: 23/23 MP: 3/3
   985 | D:2      | Reached XP level 4. HP: 21/28 MP: 4/4
  2341 | D:3      | Reached XP level 5. HP: 27/33 MP: 5/5
  2538 | D:4      | Noticed a sky beast
  2577 | D:4      | Killed a sky beast
  2635 | D:4      | You fall into a shaft and drop 2 floors!
  2658 | D:6      | Found a basalt altar of Yredelemnul.
  2677 | D:6      | Reached XP level 6. HP: 5/38 MP: 6/6
  2987 | D:5      | Entered Level 5 of the Dungeon
  3291 | D:5      | Found a burning altar of Makhleb.
  3293 | D:5      | Found a stormy altar of Qazlal.
  3321 | D:5      | Reached skill level 5 in Armour
  3321 | D:5      | Reached skill level 5 in Shields
  3333 | D:5      | Found an opulent altar of Gozag.
  3333 | D:5      | Found a snail-covered altar of Cheibriados.
  3333 | D:5      | Found an ornate altar of the Wu Jian Council.
  3333 | D:5      | Found a shimmering blue altar of Sif Muna.
  3520 | D:4      | Reached XP level 7. HP: 39/44 MP: 7/7
  3997 | D:4      | Found a staircase to the Ecumenical Temple.
  4007 | Temple   | Entered the Ecumenical Temple
  4020 | Temple   | Became a worshipper of Warmaster Okawaru
  4280 | D:4      | Reached skill level 1 in Invocations
  5132 | D:5      | Reached XP level 8. HP: 34/48 MP: 7/9
  5247 | D:5      | Reached * piety under Okawaru
  5647 | D:5      | Reached skill level 5 in Fighting
  6120 | D:6      | Noticed Maggie
  6126 | D:6      | HP: 1/49 [Maggie (4)]
  6130 | D:6      | Killed from afar by Maggie

Illustrated notes

Levels and vault maps discovered:
D:1:      wheals_arrival_shading, layout_rooms, serial_forest,
          infiniplex_forest_lined_2, infiniplex_forest_end_1,
          infiniplex_forest_end_1, infiniplex_forest_lined_room_3,
          infiniplex_forest_straight_3, infiniplex_forest_side_room,
          infiniplex_forest_end_2
D:2:      layout_basic, serial_bayou_pond_d
D:3:      layout_basic, guppyfry_early_lair_pool
D:4:      layout_layer_cave, temple_fountains, portal_sewer_entry_d
D:5:      layout_basic, grunt_temple_overflow_open
D:6:      layout_basic, mainiacjoe_overflow_paths, uniq_maggie, uniq_menkaure
Temple:   nicolae_temple_x_marks_the_god

Skill      XL: |  1  2  3  4  5  6  7  8 |
---------------+-------------------------+-----
Long Blades    | 2 3 4 |  4.9
Armour         | 4 5 6 |  6.4
Shields        | 4 5 6 |  6.5
Fighting       | 4 5 |  5.0
Invocations    | 1 2 |  2.0

Action                   |  1- 3 |  4- 6 |  7- 9 || total
-------------------------+-------+-------+-------++-------
Melee: Long sword        |    90 |   234 |   192 ||   516
  Use: Scroll            |     1 |     4 |     1 ||     6
       Potion            |       |     3 |     7 ||    10
Armor: Scale mail        |    43 |       |       ||    43
       Chain mail        |    37 |   161 |   154 ||   352
       Skin              |       |    11 |       ||    11
Dodge: Dodged            |    29 |    57 |    74 ||   160
Block: Kite shield       |    51 |   120 |   103 ||   274
       Rpst.: Long sword |     8 |    11 |    20 ||    39

Table legend: (Time is in decaauts)
 A = Elapsed time spent in this place.
 B = Non-inter-level travel time spent in this place.
 C = Inter-level travel time spent in this place.
 D = Time resting spent in this place.
 E = Time spent auto-exploring this place.
 F = Levels seen in this place.
 G = Mean time per level.
                   A        B        C        D        E       F      G
               +--------+--------+--------+--------+--------+-----+--------+
         Total |   6363 |   6173 |    190 |    449 |   4181 |   7 |  909.0 |
       Dungeon |   6283 |   6099 |    184 |    449 |   4134 |   6 | 1047.2 |
        Temple |     79 |     73 |      6 |      0 |     47 |   1 |   79.0 |
               +--------+--------+--------+--------+--------+-----+--------+

Top non-repeatable levels by time:
     D:5: 1632 daAuts
     D:4: 1616 daAuts
     D:2: 1067 daAuts
     D:1: 856 daAuts
     D:3: 715 daAuts
     D:6: 395 daAuts
  Temple: 79 daAuts
